 Dungeon Crawl Stone Soup version 0.21-a0-401-g0b6bec4 (webtiles) character file.

6356 nikopol the Thaumaturge (level 10, -2/52 HPs)
             Began as a Deep Elf Fire Elementalist on Oct 24, 2017.
             Was a Priest of Sif Muna.
             Slain by MrVivor's ghost (17 damage)
             ... on level 10 of the Dungeon.
             The game lasted 00:41:56 (9898 turns).

nikopol the Thaumaturge (DEFE)                      Turns: 9898, Time: 00:41:57

Health: -2/52      AC:  3    Str:  5    XL:     10   Next: 65%
Magic:  24/28      EV: 14    Int: 24    God:    Sif Muna [***...]
Gold:   560        SH:  0    Dex: 15    Spells: 19/33 levels left

rFire    + . .     SeeInvis .   B - +2 short sword (elec)
rCold    x . .     Gourm    .   (no shield)
rNeg     + + .     Faith    .   z - +0 robe {rN+}
rPois    .         Spirit   .   (no helmet)
rElec    .         Reflect  .   (no cloak)
rCorr    .         Harm     .   (no gloves)
MR       +....                  f - +0 pair of boots
Stlth    +++.......             (no amulet)
HPRegen  0.17/turn              u - ring of positive energy
MPRegen  0.21/turn              E - ring of fire

@: no status effects
A: no striking features
a: Divine Energy, Channel Magic, Renounce Religion


You were on level 10 of the Dungeon.
You worshipped Sif Muna.
Sif Muna was most pleased with you.
You were not hungry.

You visited 2 branches of the dungeon, and saw 11 of its levels.

You collected 560 gold pieces.

Inventory:

Hand Weapons
 v - a +4 rapier
 B - a +2 short sword of electrocution (weapon)
Armour
 f - a +0 pair of boots (worn)
 z - a +0 robe of positive energy (worn)
Jewellery
 m - an uncursed ring of ice
 u - a ring of positive energy (left hand)
 E - a ring of fire (right hand)
Wands
 a - a wand of confusion (26/48)
 h - a wand of paralysis (13/24)
 H - a wand of digging (6/24)
Scrolls
 g - 3 scrolls of teleportation
 i - a scroll of enchant armour {unknown}
 j - 5 scrolls of remove curse
 n - 2 scrolls of amnesia
 r - a scroll of immolation {unknown}
 x - a scroll of fog {unknown}
 y - a scroll of magic mapping {unknown}
 D - 3 scrolls of noise {unknown}
 I - 2 scrolls of identify
 L - a scroll of summoning {unknown}
Potions
 d - 4 potions of curing
 k - a potion of might
 l - 4 potions of heal wounds
 o - a potion of ambrosia {unknown}
 p - a potion of invisibility
 q - 2 potions of brilliance
 s - a potion of lignification {unknown}
 t - a potion of resistance
 A - a potion of agility {unknown}
 C - 2 potions of flight
 J - a potion of haste {unknown}
Books
 b - a book of Flames

   Spells                             Type                      Level
   a - Flame Tongue                   Conjuration/Fire             1
   b - Throw Flame                    Conjuration/Fire             2
   c - Conjure Flame                  Conjuration/Fire             3
   d - Inner Flame                    Hexes/Fire                   3
   e - Sticky Flame                   Conjuration/Fire             4
   f - Fireball                       Conjuration/Fire             5
 e - a book of Conjurations

   Spells                             Type                      Level
   a - Magic Dart                     Conjuration                  1
   b - Searing Ray                    Conjuration                  2
   c - Dazzling Spray                 Conjuration/Hexes            3
   d - Fulminant Prism                Conjuration/Hexes            4
   e - Force Lance                    Conjuration/Translocation    4
   f - Iskenderun's Mystic Blast      Conjuration                  4
Comestibles
 c - 4 bread rations
 w - 3 meat rations
 F - 2 chunks of flesh
 G - 2 fruits
 K - 10 royal jellies


   Skills:
 + Level 1.2 Fighting
 + Level 1.1 Short Blades
 + Level 4.3 Dodging
 + Level 4.2 Stealth
 + Level 12.0 Spellcasting
 + Level 9.6 Conjurations
 + Level 0.2 Hexes
 + Level 10.4 Fire Magic


You had 19 spell levels left.
You knew the following spells:

 Your Spells              Type           Power        Failure   Level  Hunger
a - Flame Tongue          Conj/Fire      #####        1%          1    None
b - Throw Flame           Conj/Fire      ######       1%          2    None
c - Conjure Flame         Conj/Fire      #######.     1%          3    None
d - Fireball              Conj/Fire      #######...   1%          5    ###....
e - Dazzling Spray        Conj/Hex       #####.       1%          3    None


Dungeon Overview and Level Annotations

Branches:
Dungeon (10/15)            Temple (1/1) D:4            Lair (0/6) D:9
    Orc (0/2) D:9

Altars:
Ashenzari
Cheibriados
Dithmenos
Elyvilon
Fedhas
Gozag
Hepliaklqana
Kikubaaqudgha
Makhleb
Nemelex Xobeh
Okawaru
Qazlal
Ru
Sif Muna
Trog
Uskayaw
Vehumet
Wu Jian
Xom
Yredelemnul
Zin
The Shining One
Beogh

Annotations:
D:10 MrVivor's ghost, novice TrMo


Message History

You feel a surge of power!
The flame tongue hits MrVivor's ghost.
MrVivor's ghost is lightly damaged.
MrVivor's ghost is engulfed in blazing flames.
MrVivor's ghost hits you!
Casting: Flame Tongue
Confirm with . or Enter, or press ? or * to list all spells.
Aiming: Throw Flame
Press: ? - help, Shift-Dir - straight line, f/p - MrVivor's ghost
Aim: MrVivor's ghost (flame, lightly damaged)
You feel a surge of power!
The puff of flame misses MrVivor's ghost.
MrVivor's ghost is engulfed in blazing flames.
MrVivor's ghost hits you!!
Ouch! That really hurt!
* * * LOW HITPOINT WARNING * * *
MrVivor's ghost is engulfed in blazing flames.
MrVivor's ghost assumes a wrestling stance.
There is a stone staircase leading up here.
MrVivor's ghost hits you!
You die...

....... . ...
...## #.#. #...
#.#. ###. #.
#################.
#@W...............
##################
.......
###########
#..........
#.######### #. .
#. .# #. #.#


You could see MrVivor's ghost.

Vanquished Creatures
  A two-headed ogre (D:8)
  The ghost of Spoonicorn the Cleaver, a novice MiBe of Trog (D:8)
  Pikel (D:7)
  A troll (D:10)
  4 hippogriffs
  A wyvern (D:5)
  Menkaure (D:5)
  2 ice beasts
  2 orc warriors (D:9)
  A slave (D:7)
  A black bear (D:8)
  4 phantoms
  A necrophage (D:9)
  2 ogres (D:9)
  A centaur (D:7)
  5 bullfrogs
  A wyvern zombie (D:10)
  A water moccasin zombie (D:6)
  3 scorpions
  3 killer bees (D:7)
  3 howler monkeys
  4 crimson imps
  3 jellies (D:9)
  A quasit (D:8)
  6 hounds
  2 bullfrog skeletons
  5 orc priests
  11 orc wizards
  An iguana (D:6)
  Terence (D:2)
  6 worker ants
  A howler monkey skeleton (D:5)
  A howler monkey zombie (D:8)
  14 adders
  6 oozes
  An adder zombie (D:5)
  3 adder skeletons
  4 worms
  A dart slug (D:1)
  5 leopard geckos
  37 orcs
  2 ball pythons
  5 giant cockroaches
  8 goblins
  6 hobgoblins
  9 jackals
  6 kobolds
  2 quokkas
  3 bats
  2 frilled lizards
  A leopard gecko skeleton (D:5)
  A quokka skeleton (D:4)
  5 rats
  2 fungi (D:9)
  A withered plant (D:3)
206 creatures vanquished.

Vanquished Creatures (others)
  An adder (D:7)
1 creature vanquished.

Grand Total: 207 creatures vanquished

Notes
Turn   | Place    | Note
-------+----------+-------------------------------------------
     0 | D:1      | nikopol the Deep Elf Fire Elementalist began the quest for the Orb.
     0 | D:1      | Reached XP level 1. HP: 10/10 MP: 6/6
   166 | D:1      | Reached XP level 2. HP: 15/15 MP: 6/8
   243 | D:1      | Learned a level 2 spell: Throw Flame
   470 | D:2      | Noticed Terence
   884 | D:2      | Reached XP level 3. HP: 19/19 MP: 7/10
   889 | D:2      | Learned a level 3 spell: Conjure Flame
   955 | D:2      | Found a blossoming altar of Fedhas.
  1290 | D:2      | Killed Terence
  1290 | D:2      | Reached skill level 4 in Spellcasting
  1290 | D:2      | Reached XP level 4. HP: 24/24 MP: 2/12
  1743 | D:3      | Reached XP level 5. HP: 28/28 MP: 5/13
  1916 | D:3      | Learned a level 5 spell: Fireball
  2033 | D:3      | Found an ancient bone altar of Kikubaaqudgha.
  2513 | D:4      | Noticed a phantom
  2522 | D:4      | Killed a phantom
  2522 | D:4      | Reached skill level 5 in Spellcasting
  2604 | D:4      | Reached XP level 6. HP: 32/32 MP: 13/15
  2693 | D:4      | Reached skill level 5 in Fire Magic
  2771 | D:4      | Found an iron altar of Okawaru.
  2774 | D:4      | Got a slimy spear
  2775 | D:4      | Identified the +3 spear of Oozing Pus {drain, Str+4} (You found it on level 4 of the Dungeon)
  3207 | D:4      | Reached XP level 7. HP: 23/36 MP: 5/17
  3361 | D:4      | Found a staircase to the Ecumenical Temple.
  3399 | D:5      | Entered Level 5 of the Dungeon
  3590 | D:4      | Reached skill level 6 in Spellcasting
  3590 | D:4      | Reached skill level 5 in Conjurations
  3799 | D:5      | Noticed Menkaure
  3801 | D:5      | Killed Menkaure
  4088 | D:5      | Reached XP level 8. HP: 42/42 MP: 2/20
  4233 | D:5      | Found a burning altar of Makhleb.
  4329 | D:5      | Reached skill level 7 in Spellcasting
  4598 | D:5      | Found a glowing golden altar of the Shining One.
  4816 | Temple   | Entered the Ecumenical Temple
  4873 | Temple   | Became a worshipper of Sif Muna the Loreminder
  6047 | D:7      | Reached skill level 8 in Spellcasting
  6075 | D:7      | Found a white marble altar of Elyvilon.
  6084 | D:7      | Reached skill level 1 in Fighting
  6097 | D:7      | Reached * piety under Sif Muna
  6111 | D:7      | You fall through a shaft!
  6513 | D:7      | Reached XP level 9. HP: 47/47 MP: 14/23
  6527 | D:7      | Reached skill level 1 in Short Blades
  6527 | D:7      | Reached skill level 9 in Spellcasting
  7010 | D:7      | Noticed Pikel
  7026 | D:7      | Killed Pikel
  7026 | D:7      | Reached ** piety under Sif Muna
  7026 | D:7      | Reached skill level 10 in Spellcasting
  7306 | D:8      | Learned a level 3 spell: Dazzling Spray
  7349 | D:8      | Noticed a two-headed ogre
  7365 | D:8      | Killed a two-headed ogre
  7636 | D:8      | Noticed Spoonicorn's ghost (novice MiBe)
  7771 | D:8      | Reached XP level 10. HP: 51/52 MP: 20/26
  7778 | D:8      | Found a shattered altar of Ashenzari.
  7832 | D:8      | Killed Spoonicorn's ghost
  7832 | D:8      | Reached skill level 11 in Spellcasting
  8087 | D:8      | Found a sparkling altar of Nemelex Xobeh.
  8240 | D:9      | Reached *** piety under Sif Muna
  8330 | D:9      | Found an ornate altar of the Wu Jian Council.
  8483 | D:9      | Found a staircase to the Orcish Mines.
  8541 | D:9      | Found a roughly hewn altar of Beogh.
  8861 | D:9      | Found a staircase to the Lair.
  9009 | D:9      | Reached skill level 10 in Fire Magic
  9556 | D:10     | Entered Level 10 of the Dungeon
  9617 | D:10     | Noticed MrVivor's ghost (novice TrMo)
  9620 | D:10     | Noticed a gargoyle
  9628 | D:10     | Reached skill level 12 in Spellcasting
  9898 | D:10     | Slain by MrVivor's ghost

Vault maps used:
D:1:      mushboom_english_gardens
D:2:      lemuel_round_altar, first_bread, uniq_terence
D:3:      kiku_gazebo_garden_becter, serial_glass, glass_columns_a,
          glass_columns_b
D:4:      minmay_temple_entry_from_below_a, okawaru_ov_weapons_minmay
D:5:      lemuel_coloured_pillars_altar, nicolae_tso_carved_into_rock,
          uniq_menkaure
D:7:      lemuel_round_altar, uniq_pikel
D:8:      lemuel_doored_altar, old_standard_altar
D:9:      nicolae_overflow_crystal_walls, dpeg_oklobed_lair,
          minmay_orc_entry_temple_small, hangedman_little_slice_of_home
Temple:   nicolae_temple_great_sept

Skill      XL: |  1  2  3  4  5  6  7  8  9 10 |
---------------+-------------------------------+-----
Spellcasting   | 4 5 6 8 10 12 | 12.0
Conjurations   | 2 3 4 5 7 8 9 |  9.6
Fire Magic     | 4 5 6 7 9 10 | 10.4
Stealth        | 3 4 |  4.2
Dodging        | 3 4 |  4.3
Fighting       | 1 |  1.2
Short Blades   | 1 |  1.1
Hexes          | |  0.2

Action                   |  1- 3 |  4- 6 |  7- 9 | 10-12 || total
-------------------------+-------+-------+-------+-------++-------
Melee: Dagger            |       |   253 |     5 |       ||   258
       Short sword       |       |       |    19 |    30 ||    49
 Cast: Flame Tongue      |    57 |    94 |   194 |    90 ||   435
       Conjure Flame     |     1 |     1 |    10 |     6 ||    18
       Throw Flame       |       |    15 |    48 |    24 ||    87
       Fireball          |       |       |     3 |    16 ||    19
       Dazzling Spray    |       |       |     1 |     4 ||     5
  Use: Scroll            |       |       |    13 |     1 ||    14
       Potion            |       |       |       |     1 ||     1
  Eat: Chunk             |     1 |     3 |    13 |     8 ||    25
       Bread ration      |       |     1 |       |       ||     1
       Fruit             |       |       |       |     1 ||     1
Armor: Robe              |     4 |     2 |    11 |     7 ||    24
Dodge: Dodged            |     8 |    23 |    54 |    37 ||   122

Table legend:
 A = Spawn XP
 B = Non-spawn XP
 C = Spawn XP percentage of total XP
 D = Spawn monster count
 E = Non-spawn monster count
 F = Spawn count percentage of total count
 G = Total turns spent on level
                    A         B        C        D         E        F      G
               +---------+---------+-------+---------+---------+-------+---------
         Total |       0 |    9080 |   0.0 |       0 |     202 |   0.0 |  9898
               +---------+---------+-------+---------+---------+-------+---------
           D:1 |       0 |      18 |   0.0 |       0 |      10 |   0.0 |   516
           D:2 |       0 |      90 |   0.0 |       0 |      22 |   0.0 |  1043
           D:3 |       0 |     143 |   0.0 |       0 |      19 |   0.0 |   933
           D:4 |       0 |     664 |   0.0 |       0 |      25 |   0.0 |  1623
           D:5 |       0 |     954 |   0.0 |       0 |      27 |   0.0 |  1241
           D:6 |       0 |     335 |   0.0 |       0 |      10 |   0.0 |   681
           D:7 |       0 |    2237 |   0.0 |       0 |      28 |   0.0 |   790
           D:8 |       0 |    2359 |   0.0 |       0 |      14 |   0.0 |  1333
           D:9 |       0 |    1465 |   0.0 |       0 |      40 |   0.0 |  1460
          D:10 |       0 |     815 |   0.0 |       0 |       7 |   0.0 |   210
               +---------+---------+-------+---------+---------+-------+---------
